 Dungeon Crawl Stone Soup version 0.31.0-32-g396128a36d (webtiles) character file.

Game seed: 3422444262461848029

875 Alphaeus the Ruffian (level 7, -2/67 HPs)
             Began as a Troll Shapeshifter on Mar 19, 2024.
             Was a Priest of Qazlal.
             Slain by an ice beast (11 damage)
             ... on level 5 of the Dungeon.
             The game lasted 00:04:22 (3471 turns).

Alphaeus the Ruffian (Troll Shapeshifter)           Turns: 3471, Time: 00:04:23

Health: -2/67      AC:  5    Str: 25    XL:     7   Next: 74%
Magic:  6/6        EV:  9    Int:  6    God:    Qazlal [***...]
Gold:   316        SH:  3    Dex:  9    Spells: 6/6 levels left

rFire   . .          .
                       - Unarmed
rCold   . . .        (no shield)
rNeg    . . .        q - +1 robe {Will+}
rPois   .            (helmet currently unavailable)
rElec   .            (cloak currently unavailable)
rCorr   .            (gloves unavailable)
SInv    .            (boots unavailable)
Will    +....        (no amulet)
Stlth   +            (no ring)
HPRegen 1.11/turn    (no ring)
MPRegen 0.10/turn

%: no passive effects
@: beast-form
A: beast (slay +3), large, unfitting armour, claws 3, regeneration 1, shaggy fur
1, tough skin 1
a: Begin Untransformation, Renounce Religion, Upheaval, Elemental Force


You were on level 5 of the Dungeon.
You worshipped Qazlal.
Qazlal was most pleased with you.
You were a hulking beast.
You visited 1 branch of the dungeon, and saw 5 of its levels.
You also visited: Sewer.

You collected 316 gold pieces.

Inventory:

Armour
 a - a +0 animal skin
 q - a +1 robe of willpower (worn)
Talismans
 c - a beast talisman
 d - a flux talisman
Wands
 o - a wand of quicksilver (12)
 v - a wand of charming (9)
Scrolls
 e - a scroll of enchant weapon {unknown}
 g - 2 scrolls of fog {unknown}
 h - 2 scrolls of teleportation {unknown}
 i - 2 scrolls of blinking {unknown}
 l - 3 scrolls of amnesia {unknown}
 m - 2 scrolls of poison {unknown}
 p - 3 scrolls of identify {unknown}
 s - a scroll of brand weapon {unknown}
 t - a scroll of noise {unknown}
 y - a scroll of summoning {unknown}
Potions
 b - 3 potions of lignification
 f - a potion of degeneration {unknown}
 j - a potion of haste {unknown}
 k - 2 potions of brilliance {unknown}
 n - a potion of curing
 r - a potion of heal wounds {unknown}
 u - 2 potions of ambrosia {unknown}
 w - 2 potions of might {unknown}
 x - a potion of attraction {unknown}
 z - 2 potions of mutation {unknown}
 A - 2 potions of berserk rage {unknown}


   Skills:
 + Level 3.2 Fighting
 - Level 1.5 Dodging
 * Level 6.3 Unarmed Combat
 * Level 5.9 Shapeshifting


You had 6 spell levels left.
You didn't know any spells.
Your spell library contained the following spells:

 Spells                   Type           Power      Damage    Failure   Level
 Apportation              Tloc           0%         N/A       45%         1
 Jinxbite                 Hex            0%         N/A       58%         2
 Frozen Ramparts          Ice            0%         1d1       83%         3
 Fugue of the Fallen      Necr           0%         N/A       83%         3
 Ozocubu's Armour         Ice            0%         N/A       83%         3
 Leda's Liquefaction      Alch/Erth      0%         N/A       99%         4
 Manifold Assault         Tloc           0%         N/A       99%         4
 Petrify                  Alch/Erth      0%         N/A       99%         4
 Alistair's Intoxication  Alch           0%         N/A       100%        5
 Metabolic Englaciation   Hex/Ice        0%         N/A       100%        5


Dungeon Overview and Level Annotations

Branches:
Dungeon (5/15)              Sewer (visited)
 Temple: D:4-7

Altars:
Fedhas
Qazlal


Innate Abilities, Weirdness & Mutations

You are a hulking beast.
Your limbs bulge with bestial killing power. (Slay +3)
You are too large for most types of armour.
You have claws for hands.
Your natural rate of healing is unusually fast.
You are covered in fur. (AC +1)
You have tough skin. (AC +1)


Message History

You scratch the ice beast but do no damage.
The orc barely misses you. The ice beast hits you. The ice beast freezes you!
You are too injured to fight recklessly!
You are too injured to fight recklessly!
You are too injured to fight recklessly!
You mangle the orc!!
You kill the orc!
Qazlal accepts your kill. The ice beast hits you. The ice beast freezes you!
* * * LOW HITPOINT WARNING * * *
The ice beast attacks as it pursues you!
The ice beast hits you but does no damage.
The ice beast attacks as it pursues you!
You block the ice beast's attack.
The ice beast attacks as it pursues you!
The ice beast hits you.
* * * LOW HITPOINT WARNING * * *
The ice beast freezes you.
* * * LOW HITPOINT WARNING * * *
It was a potion of curing.
You feel better. You block the ice beast's attack.
You scratch the ice beast.
The ice beast is lightly wounded.
The ice beast hits you. The ice beast freezes you!
* * * LOW HITPOINT WARNING * * *
You scratch the ice beast.
The ice beast is moderately wounded.
The ice beast hits you but does no damage.
You completely miss the ice beast.
The ice beast is moderately wounded.
The ice beast barely misses you.
You mangle the ice beast!!
The ice beast is almost dead.
The ice beast hits you.
* * * LOW HITPOINT WARNING * * *
The ice beast freezes you!
* * * LOW HITPOINT WARNING * * *
You feel better. The ice beast hits you.
* * * LOW HITPOINT WARNING * * *
The ice beast freezes you!
You die...

##.# ##..........#
##...# #..........## #.
#.^..# ##..........#
#.##....## #.........##
###........# ##.......##
..........# ###.....#
..........########†...##
##...........)..))####
#........#####h.).###
#........# ##Y....###
#.......## #.......##
#......## #........#
#....### #..).....##
##.#.## #.).......#
##..### #.).)....##
#..## #........# ..##
#...###.##


You could see an ice beast.

Vanquished Creatures
  A water moccasin (D:5)
  An ogre (D:5)
  2 kobold brigands (Sewer)
  A scorpion (D:4)
  A howler monkey (D:4)
  A bombardier beetle (D:5)
  A hound (D:5)
  An orc priest (D:5)
  An iguana (D:5)
  4 orc wizards
  A gnoll (D:1)
  7 adders
  4 dart slugs
  8 ribbon worms
  16 orcs
  9 ball pythons
  7 endoplasms
  4 giant cockroaches
  6 hobgoblins
  8 jackals
  14 kobolds
  3 quokkas
  10 bats
  4 frilled lizards
  4 goblins
  10 rats
129 creatures vanquished.

Notes
Turn   | Place    | Note
-------+----------+-------------------------------------------
     0 | D:1      | Alphaeus the Troll Shapeshifter began the quest for the
                  | Orb.
     0 | D:1      | Reached XP level 1. HP: 18/18 MP: 0/0
   110 | D:1      | Reached skill level 1 in Fighting
   112 | D:1      | Reached XP level 2. HP: 27/27 MP: 1/1
   338 | D:1      | Reached XP level 3. HP: 26/33 MP: 2/2
   735 | D:2      | Found a stormy altar of Qazlal.
   751 | D:2      | Became a worshipper of Qazlal Stormbringer
   983 | D:2      | Reached XP level 4. HP: 36/41 MP: 3/3
  1092 | D:2      | Reached skill level 4 in Unarmed Combat
  1388 | D:2      | Reached * piety under Qazlal
  1667 | D:3      | Found a blossoming altar of Fedhas.
  1868 | D:3      | Reached XP level 5. HP: 49/49 MP: 4/4
  2406 | D:4      | Reached ** piety under Qazlal
  2655 | D:4      | Reached XP level 6. HP: 54/57 MP: 5/5
  2671 | D:4      | Reached skill level 5 in Unarmed Combat
  2857 | D:4      | Found a glowing drain.
  2861 | Sewer    | Entered a sewer
  2931 | Sewer    | Reached skill level 5 in Shapeshifting
  3020 | D:5      | Entered Level 5 of the Dungeon
  3041 | D:5      | Reached XP level 7. HP: 66/66 MP: 6/6
  3172 | D:5      | Reached skill level 6 in Unarmed Combat
  3447 | D:5      | Reached *** piety under Qazlal
  3470 | D:5      | HP: 3/67 [ice beast (12)]
  3471 | D:5      | Slain by an ice beast

Illustrated notes

Levels and vault maps discovered:
D:1:      nzn_arrival_depleted_hourglass, layout_loops_ring
D:2:      layout_loops_ring, basic_altar, columned_hall_lemuel,
          minmay_pentomino_x4
D:3:      layout_basic, fedhas_altar_1, serial_glass, glass_columns_a,
          glass_columns_c
D:4:      layout_basic, mainiacjoe_sewer_entry_somewhere_in_here_2,
          nicolae_hexahallways, chequers_hall_statues_corner_a
D:5:      layout_cave_pods

Skill      XL: |  1  2  3  4  5  6  7 |
---------------+----------------------+-----
Fighting       | 1 2 3 |  3.2
Unarmed Combat | 4 5 6 |  6.3
Shapeshifting  | 4 5 |  5.9
Dodging        | |  1.5

Action                     |  1- 3 |  4- 6 |  7- 9 || total
---------------------------+-------+-------+-------++-------
  Melee: Unarmed           |    92 |   159 |    51 ||   302
         Punch             |     2 |     3 |       ||     5
    Use: Potion            |       |       |     2 ||     2
 Armour: Animal skin       |    74 |    61 |       ||   135
         Robe              |       |    48 |    36 ||    84
  Dodge: Dodged            |    55 |    61 |    17 ||   133
  Block: Other             |       |     9 |     9 ||    18
